 Dungeon Sprint DCSS version 0.31-a0-4-gefa6de2278 (webtiles) character file.

Game seed: 5559162580323700740

0 123456 the Trooper (level 1, -1/20 HPs)
             Began as a Minotaur Fighter on May 4, 2023.
             Was an Initiate of Gozag.
             Slain by a river rat (5 damage)
             ... in the Dungeon (Sprint VI: "Thunderdome").
             The game lasted 00:00:44 (62 turns).

123456 the Trooper (Minotaur Fighter)                 Turns: 62, Time: 00:00:44

Health: -1/20      AC:  7    Str: 20    XL:     1   Next: 16%
Magic:  0/0        EV:  9    Int:  5    God:    Gozag
Gold:   281        SH:  4    Dex:  9    Spells: 0/0 levels left

rFire   . . .        a - +0 flail
rCold   . . .        c - +0 buckler
rNeg    . . .        b - +0 scale mail
rPois   .            (helmet restricted)
rElec   .            (no cloak)
rCorr   .            (no gloves)
SInv    .            (no boots)
Will    .....        (no amulet) Stlth
                     (no ring)
HPRegen 0.23/turn    (no ring)
MPRegen 0.07/turn

%: no teleportation
@: no status effects
A: horns 2, retaliatory headbutt
a: Renounce Religion, Potion Petition, Call Merchant, Bribe Branch


You were in the Dungeon.
You worshipped Gozag.
Gozag was aware of your devotion.
You visited 1 branch You collected 281 gold pieces.

Inventory:

Hand Weapons
 a - a +0 flail (weapon)
Armour
 b - a +0 scale mail (worn)
 c - a +0 buckler (worn)
Wands
 l - a wand of light (5)
 m - a wand of iceblast (5)
Scrolls
 j - 4 scrolls of blinking
 n - 3 scrolls of fog
Potions
 d - a potion of might
 e - a potion of curing
 f - 4 potions of heal wounds
 g - 4 potions of haste
 h - 2 potions of magic
 i - a potion of berserk rage
 k - a potion of resistance


   Skills:
 * Level 3.9 Fighting
 * Level 2.8 Maces & Flails
 + Level 3.7 Armour
 + Level 0.6 Dodging
 - Level 3.6 Shields


You couldn't memorise any spells.
You didn't know any spells.
Your spell library was empty.

Dungeon Overview and Level Annotations

Branches:
Dungeon (1/1)

Altars:
Cheibriados
Dithmenos
Fedhas
Gozag
Kikubaaqudgha
Makhleb
Okawaru
Qazlal
Ru
Sif Muna
Trog
Uskayaw
Vehumet
Wu Jian
Xom
Yredelemnul
Zin
The Shining One
Lugonu

Shops:
D *[??*?*:[((!!!!


Innate Abilities, Weirdness & Mutations

You have a pair of horns on your head.
You reflexively headbutt those who attack you in melee.


Message History

A quokka comes into view.
Found Xodwass's Weapon Rack.
Found Xulutaf's Basic Armour and Hamodib's Miscellaneous Merchandise.
The quokka bites you but does no damage.
There is an opulent altar of Gozag here.
You kneel at the altar of Gozag.
Gozag welcomes you!
Gozag waives the service fee.
You block the quokka's attack. The quokka bites you.
Unknown command.
Press < or > to pray at altars.
You miss the quokka. The quokka closely misses you. You furiously retaliate!
You headbutt the quokka!
You kill the quokka!
You now have 281 gold pieces (gained 81).
There is an opulent altar of Gozag here.
There is a basalt altar of Yredelemnul here.
There is a snail-covered altar of Cheibriados here.
There is an entrance to Xodwass's Weapon Rack here.
Found Jiqee's Premium Goods.
Found an ornate altar of the Wu Jian Council.
There is an entrance to Xulutaf's Basic Armour here.
There is an entrance to Hamodib's Miscellaneous Merchandise here.
There is an entrance to Jiqee's Premium Goods here.
You can access your shopping list by pressing '$'.
Found an ancient bone altar of Kikubaaqudgha.
Found a sacrificial altar of Ru.
Found a blossoming altar of Fedhas.
Found Opesea's Identification Station.
Found Zarex's Advanced Armour and Leso's Jewellery.
A river rat comes into view.
The river rat bites you!
You barely miss the river rat. Your headbutt misses the river rat.
The river rat bites you!
* * * LOW HITPOINT WARNING * * *
You sock the river rat!
The river rat is almost dead.
The river rat bites you.
You die...
Your body crumbles into a pile of gold.

#........_# #_......._#
#_......._#
###.........###
#⌠...........⌠#
######.8.........8.###
##..__......###......__
###∩.....r..8.# #.8......
#.......@.....###........
⌠..........###...###.....
⌠..........# #.<.# #.....
⌠..........###...###.....
#.............###........
###∩........8.# #.8......
##∩___......###......__
######.8.........8.###
#⌠...........⌠#


You could see a river rat.

Vanquished Creatures
  A quokka (D)
1 creature vanquished.

Notes
Turn   | Place    | Note
-------+----------+-------------------------------------------
     0 | D        | 123456 the Minotaur Fighter began the quest for the Orb.
     0 | D        | Reached XP level 1. HP: 19/19 MP: 0/0
     3 | D        | Found a shimmering blue altar of Sif Muna.
     3 | D        | Found a bloodstained altar of Trog.
     4 | D        | Found an iron altar of Okawaru.
     4 | D        | Found a shadowy altar of Dithmenos.
     5 | D        | Found a burning altar of Makhleb.
     5 | D        | Round 1.
     6 | D        | Found a corrupted altar of Lugonu.
     6 | D        | Found a hide-covered altar of Uskayaw.
     6 | D        | Found Voxics's Magic Scroll Shop.
     6 | D        | Found Camelerr's Staff Store.
     7 | D        | Found Nibine's Magic Scroll Shop.
     7 | D        | Found Qafimouh's Must-Have Magic.
    11 | D        | Found a stormy altar of Qazlal.
    12 | D        | Found a radiant altar of Vehumet.
    13 | D        | Found a shimmering altar of Xom.
    14 | D        | Found Vutat's Distillery.
    14 | D        | Found a glowing golden altar of the Shining One.
    14 | D        | Found a glowing silver altar of Zin.
    14 | D        | Found Hupummil's Do-It-Yourself Clinic.
    15 | D        | Found Icogitov's Distillery.
    15 | D        | Found Biuhah's Bottled Wisdom.
    18 | D        | Found an opulent altar of Gozag.
    19 | D        | Found a basalt altar of Yredelemnul.
    20 | D        | Found a snail-covered altar of Cheibriados.
    21 | D        | Found Xodwass's Weapon Rack.
    22 | D        | Found Xulutaf's Basic Armour.
    22 | D        | Found Hamodib's Miscellaneous Merchandise.
    26 | D        | Became a worshipper of Gozag Ym Sagoz the Greedy
    38 | D        | Found Jiqee's Premium Goods.
    38 | D        | Found an ornate altar of the Wu Jian Council.
    49 | D        | Found an ancient bone altar of Kikubaaqudgha.
    51 | D        | Found a sacrificial altar of Ru.
    52 | D        | Found a blossoming altar of Fedhas.
    53 | D        | Found Opesea's Identification Station.
    54 | D        | Found Zarex's Advanced Armour.
    54 | D        | Found Leso's Jewellery.
    62 | D        | Slain by a river rat

Illustrated notes

Levels and vault maps discovered:
D:        arena_sprint

Action                     || total
---------------------------++-------
  Melee: Flail             ||     3
 Armour: Scale mail        ||     1
  Dodge: Dodged            ||     1
  Block: Buckler           ||     1

Table legend: (Time is in decaauts)
 A = Elapsed time spent in this place.
 B = Non-inter-level travel time spent in this place.
 C = Inter-level travel time spent in this place.
 D = Time resting spent in this place.
 E = Time spent auto-exploring this place.
 F = Levels seen in this place.
 G = Mean time per level.
                   A        B        C        D        E       F      G
               +--------+--------+--------+--------+--------+-----+--------+
         Total |     62 |     62 |      0 |      0 |     16 |   1 |   62.0 |
       Dungeon |     62 |     62 |      0 |      0 |     16 |   1 |   62.0 |
               +--------+--------+--------+--------+--------+-----+--------+

Top non-repeatable levels by time:
       D: 62 daAuts
